 Dungeon Crawl Stone Soup version 0.16-a0-3976-g683f154 (console) character file.

296 Fusha the Poker (level 6, -1/49 HPs)
             Began as a Formicid Berserker on Feb 11, 2015.
             Was a Priest of Trog.
             Slain by a worker ant (7 damage)
             ... on level 4 of the Dungeon.
             The game lasted 00:14:39 (4292 turns).

Fusha the Poker (Formicid Berserker)                Turns: 4292, Time: 00:14:39

Health: -1/49      AC:  5    Str: 23    XL:     6   Next: 62%
Magic:  8/8        EV: 13    Int:  7    God:    Trog [***...]
Gold:   137        SH:  0    Dex: 10    Spells: 0 memorised, 5 levels left

rFire  + . .     SeeInvis +     a - +0 spear
rCold  + . .     Clarity  .     b - +0 animal skin
rNeg   + . .     SustAb   +     (no shield)
rPois  +         Gourm    .     (helmet unavailable)
rElec  +         Spirit   .     (no cloak)
rCorr  +         Warding  .     e - +1 pair of gloves
rMut   .         Stasis   +     s - +0 pair of boots
MR     .....                    (no amulet)
Stlth  ++........               i - ring of sustain abilities
                                l - ring of positive energy

@: resistant, not resistant to hostile enchantments, unstealthy
A: permanent stasis, dig shafts and tunnels, four strong arms, antennae 3
a: Dig, Shaft Self, Burn Spellbooks, Trog's Hand, Renounce Religion


You were on level 4 of the Dungeon.
You worshipped Trog.
Trog was most pleased with you.
You were very hungry.

You visited 1 branch of the dungeon, and saw 4 of its levels.

You collected 137 gold pieces.

Inventory:

Hand weapons
 a - a +0 spear (weapon)
 m - a +0 hunting sling
Missiles
 g - 58 stones (quivered)
 n - 3 javelins
Armour
 b - a +0 animal skin (worn)
 e - a +1 pair of gloves (worn)
 s - a +0 pair of boots (worn)
Rods
 o - a +0 rod of shadows (2/10)
   (You found it on level 3 of the Dungeon)
Jewellery
 i - a ring of sustain abilities (right hand)
 l - a ring of positive energy (left hand)
Scrolls
 d - 2 scrolls of fog
 j - a scroll of remove curse {unknown}
 r - a scroll of recharging
Potions
 q - a potion of resistance
Comestibles
 h - 3 fruits


   Skills:
 + Level 4.4 Fighting
 + Level 4.6 Polearms
 + Level 0.4 Throwing
 + Level 2.5 Armour
 + Level 3.8 Dodging
 + Level 1.5 Stealth


You had 5 spell levels left.
You didn't know any spells.

Dungeon Overview and Level Annotations

Branches:
Dungeon (4/15)
 Temple: D:4-7

Altars:
Makhleb


Innate Abilities, Weirdness & Mutations

You are under a permanent stasis effect.
You can dig through walls and to a lower floor.
Your four strong arms can wield two-handed weapons with a shield.
You have a pair of large antennae on your head (SInv).


Message History

The worker ant is almost dead.
The worker ant bites you.
* * * LOW HITPOINT WARNING * * *
You barely miss the worker ant.
The worker ant is almost dead.
The worker ant closely misses you.
You hit the worker ant but do no damage.
The worker ant is almost dead.
The worker ant barely misses you.
You barely miss the worker ant.
The worker ant is almost dead.
The worker ant bites you.
* * * LOW HITPOINT WARNING * * *
You completely miss the worker ant.
The worker ant is severely wounded.
The worker ant misses you.
You hit the worker ant.
The worker ant is almost dead.
The worker ant bites you!
You die...

#...##...# ..# # #...# #.#
.# #...##+##.##..#
+....+....{...# #
#...##.##{##+## ...
#..w##'##+##..# ..#
...##...##.#..#...##...##
+...........'..a...........
...##.#######@###.####.##
+# #. #.# #.# .. ... +..
##. #...##... #. #...##a..#
. ....##...# #...##...+
###+##...# #..


You could see a worker ant.

Vanquished Creatures
  The ghost of timbw the Slasher, a weakling HEGl (D:3)
  A hound (D:2)
  Jessica (D:2)
  4 gnolls (D:2)
  6 adders
  5 worms
  2 giant mites (D:3)
  3 giant geckos
  An ooze (D:3)
  4 orcs (D:3)
  7 bats
  3 giant cockroaches (D:3)
  14 goblins
  6 hobgoblins
  3 jackals
  5 kobolds
  3 quokkas
  A ball python (D:2)
  6 giant newts
  11 rats
87 creatures vanquished.

Vanquished Creatures (others)
  A giant newt (D:3)
  A goblin (D:3)
2 creatures vanquished.

Grand Total: 89 creatures vanquished

Notes
Turn   | Place    | Note
--------------------------------------------------------------
     0 | D:1      | Fusha, the Formicid Berserker, began the quest for the Orb.
     0 | D:1      | Reached XP level 1. HP: 18/18 MP: 1/1
   393 | D:1      | Reached XP level 2. HP: 24/24 MP: 3/3
   804 | D:1      | Reached XP level 3. HP: 12/29 MP: 4/4
  1166 | D:2      | Reached XP level 4. HP: 22/37 MP: 5/5
  1192 | D:2      | Acquired Trog's second power
  1474 | D:2      | Noticed Jessica
  1484 | D:2      | Killed Jessica
  1484 | D:2      | Reached skill level 4 in Fighting
  1484 | D:2      | Reached XP level 5. HP: 26/42 MP: 7/7
  2296 | D:2      | Reached skill level 1 in Stealth
  2556 | D:2      | Found a burning altar of Makhleb.
  3104 | D:3      | Reached XP level 6. HP: 41/48 MP: 8/8
  3366 | D:3      | Identified a +0 rod of shadows (10/10) (You found it on level 3 of the Dungeon)
  4122 | D:3      | Noticed timbw's ghost (weakling HEGl)
  4149 | D:3      | Killed timbw's ghost
  4292 | D:4      | Slain by a worker ant

Action                   |  1- 3 |  4- 6 || total
-------------------------+-------+-------++-------
Melee: Spear             |    89 |   401 ||   490
Throw: Stone             |     6 |     5 ||    11
Evoke: Rod               |       |     2 ||     2
  Use: Scroll            |       |     7 ||     7
       Potion            |       |     5 ||     5
  Eat: Bread ration      |       |     2 ||     2
       Chunk             |       |     2 ||     2
